 Dungeon Crawl Stone Soup version 0.28.0-49-g6dfe1f597d (webtiles) character file.

Game seed: 8339378980007448614

1450 Exodus22XD the Chopper (level 8, -4/70 HPs)
             Began as a Minotaur Fighter on May 14, 2022.
             Was a High Priest of Cheibriados.
             Killed from afar by a steam dragon (22 damage)
             ... with a ball of steam
             ... on level 6 of the Dungeon.
             The game lasted 00:04:50 (5767 turns).

Exodus22XD the Chopper (Minotaur Fighter)           Turns: 5767, Time: 00:04:54

Health: -4/70      AC:  9    Str: 34    XL:     8   Next: 47%
Magic:  10/10      EV: 10    Int: 17    God:    Cheibriados [*****.]
Gold:   256        SH:  7    Dex: 25    Spells: 7/7 levels left

rFire   . . .      SeeInvis .   h - +1 hand axe (elec)
rCold   . . .      Faith    .   c - +0 buckler
rNeg    + . .      Spirit   .   b - +0 scale mail
rPois   .          Reflect  .   (helmet restricted)
rElec   .          Harm     .   (no cloak)
rCorr   +          Rampage  .   (no gloves)
Will    +....                   m - +0 pair of boots
Stlth   +.........              (no amulet)
HPRegen 0.21/turn               p - ring "Waxome" {rN+ Will+ rCorr Dex+2}
MPRegen 0.12/turn               (no ring)

@: very slow
A: horns 2, retaliatory headbutt
a: Renounce Religion, Bend Time, Temporal Distortion, Slouch, Step From Time


You were on level 6 of the Dungeon.
You worshipped Cheibriados.
Cheibriados was extremely pleased with you.
You visited 1 branch of the dungeon, and saw 6 of its levels.
You also visited: Sewer.

You collected 256 gold pieces.

Inventory:

Hand Weapons
 a - a +0 war axe
 h - a +1 hand axe of electrocution (weapon)
 u - a +5 spear of flaming
Armour
 b - a +0 scale mail (worn)
 c - a +0 buckler (worn)
 m - a +0 pair of boots (worn)
Jewellery
 p - the ring "Waxome" (left hand) {rN+ Will+ rCorr Dex+2}
   (You found it on level 4 of the Dungeon)

   [ring of positive energy]

   Dex:       It affects your dexterity (+2).
   rN:        It protects you from negative energy.
   rCorr:     It protects you from acid and corrosion.
   Will:      It increases your willpower.
Scrolls
 j - a scroll of torment
 l - a scroll of enchant armour
 r - a scroll of brand weapon
 s - a scroll of blinking
 v - a scroll of teleportation {unknown}
Potions
 d - a potion of might
 e - a potion of cancellation
 f - 3 potions of curing
 g - 3 potions of invisibility
 i - a potion of brilliance {unknown}
 k - 2 potions of magic {unknown}
 n - a potion of attraction {unknown}
 o - 3 potions of mutation
 q - 2 potions of heal wounds
 t - a potion of haste {unknown}


   Skills:
 + Level 5.8 Fighting
 + Level 7.6 Axes
 + Level 7.3 Armour
 + Level 5.4 Shields
 * Level 4.2 Invocations


You had 7 spell levels left.
You didn't know any spells.
Your spell library contained the following spells:

 Spells                   Type           Power      Damage    Failure   Level
 Ozocubu's Armour         Ice            0%         N/A       85%         3
 Ozocubu's Refrigeration  Ice            0%         4d5       100%        7


Dungeon Overview and Level Annotations

Branches:
Dungeon (6/15)              Sewer (visited)
 Temple: D:4-7

Altars:
Cheibriados
Xom

Annotations:
D:6 Eustachio


Innate Abilities, Weirdness & Mutations

You have a pair of horns on your head.
You reflexively headbutt those who attack you in melee.


Message History

Things that are here:
a +0 mace; a +0 scale mail
There is a stone staircase leading down here.
You climb downwards.
Found an escape hatch in the ceiling.
There is a stone staircase leading up here.
A steam dragon comes into view.
The steam dragon hisses angrily.
A centaur skeleton comes into view.
The steam dragon breathes steam at you. The ball of steam hits you!
The steam dragon moves out of view.
You hear an angry hiss.
No target in view!
You're standing in a cloud of steam!
No target in view!
No target in view!
You are engulfed in a cloud of scalding steam.
You are engulfed in a cloud of scalding steam.
An iguana comes into view.
The iguana moves out of view.
Found a stone staircase leading down.
The centaur skeleton hits you.
The centaur skeleton kicks you but does no damage.
The centaur skeleton hits you but does no damage.
The centaur skeleton kicks you but does no damage.
You hit the centaur skeleton.
Lightning courses through the centaur skeleton!!
You headbutt the centaur skeleton!
You destroy the centaur skeleton!
Cheibriados thoroughly appreciates the change of pace.
Cheibriados raises the support of your attributes as your movement slows.
The steam dragon breathes steam at you. The ball of steam hits you!
Eustachio the Magnificent comes into view.
He is wielding a +0 falchion.
The steam dragon bites you.
* * * LOW HITPOINT WARNING * * *
The steam dragon claws you but does no damage.
You block the iguana's attack. The steam dragon breathes steam at you.
The ball of steam hits you!!
You die...

#...### .. #.#.#..
.>######.#.#.#
.........#.#.##
...........#..
..@........#.#
#..........#.###.#
#.....D§§§§§.....#
#.....l@...#<#####
#..#########.# #.#
#.# ###


You could see Eustachio, a steam dragon (catching breath) and an iguana.

Vanquished Creatures
  A water moccasin (D:5)
  2 sky beasts (D:5)
  2 phantoms (D:5)
  3 kobold brigands (Sewer)
  A gnoll sergeant (D:5)
  A centaur skeleton (D:6)
  3 orc priests
  3 bullfrog skeletons (D:5)
  3 hounds
  3 iguanas (D:5)
  3 orc wizards (D:5)
  8 gnolls (D:5)
  6 adders
  3 river rats (Sewer)
  A white imp (D:5)
  4 worms
  A dart slug (D:4)
  11 orcs
  6 bats
  7 endoplasms
  4 giant cockroaches
  5 goblins
  8 hobgoblins
  4 jackals (D:2)
  4 quokkas
  16 ball pythons
  4 frilled lizards
  22 kobolds
  24 rats
163 creatures vanquished.

Notes
Turn   | Place    | Note
-------+----------+-------------------------------------------
     0 | D:1      | Exodus22XD the Minotaur Fighter began the quest for the
                  | Orb.
     0 | D:1      | Reached XP level 1. HP: 19/19 MP: 0/0
   302 | D:1      | Reached XP level 2. HP: 15/27 MP: 1/1
   920 | D:1      | Found a faded altar of an unknown god.
   938 | D:1      | Prayed at the altar of an unknown god.
   938 | D:1      | Became a worshipper of Cheibriados the Contemplative
   938 | D:1      | Reached * piety under Cheibriados
  1053 | D:1      | Reached XP level 3. HP: 33/33 MP: 2/2
  1900 | D:2      | Reached ** piety under Cheibriados
  1959 | D:2      | Reached XP level 4. HP: 40/40 MP: 3/3
  2452 | D:3      | Reached skill level 1 in Invocations
  2458 | D:3      | Reached XP level 5. HP: 8/47 MP: 0/4
  3108 | D:3      | Reached skill level 5 in Armour
  3713 | D:4      | Found a shimmering altar of Xom.
  3713 | D:4      | Identified the ring "Waxome" {rN+ Will+ rCorr Dex+2}
  3839 | D:4      | You fall into a shaft and drop 1 floor!
  3839 | D:5      | Entered Level 5 of the Dungeon
  3915 | D:5      | Found a glowing drain.
  3933 | Sewer    | Entered a sewer
  4048 | Sewer    | Reached *** piety under Cheibriados
  4049 | Sewer    | Reached XP level 6. HP: 43/53 MP: 6/6
  4238 | Sewer    | Reached skill level 5 in Axes
  4336 | Sewer    | Reached **** piety under Cheibriados
  4455 | Sewer    | Reached XP level 7. HP: 33/60 MP: 7/7
  4754 | D:5      | Reached skill level 5 in Fighting
  4967 | D:5      | Reached skill level 5 in Shields
  5009 | D:5      | Reached ***** piety under Cheibriados
  5012 | D:5      | Reached XP level 8. HP: 23/68 MP: 9/9
  5016 | D:5      | HP: 3/68 [gnoll/+0 halberd (8)]
  5766 | D:6      | Noticed Eustachio
  5767 | D:6      | Killed from afar by a steam dragon

Illustrated notes

Levels and vault maps discovered:
D:1:      denvon_arrival_planthouse, layout_loops_corners,
          ebering_ecumenical_altar_petrified
D:2:      layout_basic, minmay_tromino_v4_c
D:3:      layout_basic
D:4:      nicolae_cairo_tiling, layout_loops_ring, lemuel_tele_altar
D:5:      layout_basic, cheibrodos_sewer_entry_bend, kennysheep_generic_room_6
D:6:      layout_basic, minmay_temple_entry_tees, uniq_eustachio

Skill      XL: |  1  2  3  4  5  6  7  8 |
---------------+-------------------------+-----
Armour         | 4 5 6 7 |  7.3
Fighting       | 4 5 |  5.8
Shields        | 4 5 |  5.4
Axes           | 3 4 5 6 7 |  7.6
Invocations    | 1 2 3 4 |  4.2

Action                   |  1- 3 |  4- 6 |  7- 9 || total
-------------------------+-------+-------+-------++-------
Melee: War axe           |    62 |       |       ||    62
       Headbutt          |    12 |    18 |    18 ||    48
       Hand axe          |    37 |   124 |    88 ||   249
Invok: Bend Time         |       |     1 |       ||     1
  Use: Scroll            |       |     9 |     2 ||    11
       Potion            |       |       |     1 ||     1
Armor: Scale mail        |    31 |    68 |    32 ||   131
Dodge: Dodged            |    54 |    51 |    33 ||   138
Block: Buckler           |    29 |    49 |    25 ||   103
